 Dungeon Crawl Stone Soup version 0.26-a0-712-ga5a9c9c9d0 (webtiles) character file.

Game seed: 13989573484745060677

74 somkeydreadnuts the Digger (level 4, -11/24 HPs)
             Began as a Gargoyle Earth Elementalist on Nov 1, 2020.
             Mangled by a gnoll
             ... wielding a +0 halberd
              (13 damage)
             ... on level 3 of the Dungeon.
             The game lasted 00:07:10 (2624 turns).

somkeydreadnuts the Digger (GrEE)                   Turns: 2624, Time: 00:07:11

Health: -11/24     AC: 13    Str: 12    XL:     4   Next: 28%
Magic:  7/7        EV:  2    Int: 16    God:
Gold:   161        SH:  0    Dex: 10    Spells: 6/7 levels left

rFire    . . .     SeeInvis +   h - +0 spear
rCold    . . .     Faith    .   (no shield)
rNeg     + . .     Spirit   .   e - +0 plate armour
rPois    ∞         Reflect  .   (no helmet)
rElec    +         Harm     .   (no cloak)
rCorr    .         Rampage  .   (no gloves)
MR       .....                  (no boots)
Stlth    ..........             (no amulet)
HPRegen  0.08/turn              f - ring of stealth
MPRegen  0.10/turn              i - ring of see invisible

@: no status effects
A: negative energy resistance 1, electricity resistance, unbreathing,
petrification resistance, rot immunity, AC +3
a: no special abilities


You were on level 3 of the Dungeon.
You visited 1 branch of the dungeon, and saw 3 of its levels.

You collected 161 gold pieces.

Inventory:

Hand Weapons
 g - a +0 club
 h - a +0 spear (weapon)
Missiles
 b - 80 stones (quivered)
Armour
 c - a +0 robe
 e - a +0 plate armour (worn)
Jewellery
 f - a ring of stealth (left hand)
 i - a ring of see invisible (right hand)
Scrolls
 a - 2 scrolls of identify {unknown}
 d - a scroll of fear {unknown}
 j - a scroll of magic mapping {unknown}
 k - a scroll of teleportation {unknown}


   Skills:
 + Level 1.3 Polearms
 - Level 1.5 Dodging
 - Level 2.1 Stealth
 - Level 2.0 Spellcasting
   Level 0.7 Transmutations
 + Level 5.6 Earth Magic


You had 6 spell levels left.
You knew the following spells:

 Your Spells              Type           Power        Failure   Level
a - Sandblast             Erth           ###...       99%         1

Your spell library contained the following spells:

 Spells                   Type           Power        Failure   Level
 Passwall                 Tmut/Erth      ##......     100%        2
 Stone Arrow              Conj/Erth      ##....       100%        3
 Petrify                  Tmut/Erth      ##......     100%        4
 Lee's Rapid Deconstruct  Erth           ###.......   100%        5


Dungeon Overview and Level Annotations

Branches:
Dungeon (3/15)

Altars:


Innate Abilities, Weirdness & Mutations

You are resistant to torment.
Your stone body is resilient. (AC +3)
You are immune to poison.
You resist negative energy. (rN+)
You are resistant to electric shocks. (rElec)
You can survive without breathing.
You are immune to petrification.
You are immune to rotting.


Message History

The gnoll is moderately wounded.
The gnoll hits you but does no damage.
You hit the gnoll but do no damage.
The gnoll is moderately wounded.
The gnoll hits you from afar with a +0 halberd!
Ouch! That really hurt!
You closely miss the gnoll.
The gnoll is moderately wounded.
The gnoll barely misses you. The gnoll hits you but does no damage.
Your plate armour prevents you from hitting the gnoll.
The gnoll is moderately wounded.
The gnoll hits you from afar with a +0 halberd.
* * * LOW HITPOINT WARNING * * *
The gnoll hits you with a +0 club.
* * * LOW HITPOINT WARNING * * *
The gnoll hits you with a +0 club.
* * * LOW HITPOINT WARNING * * *
The gnoll hits you from afar with a +0 halberd!
Ouch! That really hurt!
You die...

#####.#.############
#.#........†...#
######.####.........#
.......## #.........#
#####..(###.........#
##.....##.........#
##.......#.........#
#........(.........######
+.)............@.........
#...............g..#####
##.<.....######.#g##
##.....## ######g##
##...## #..g..wg# #+##
#.####..# #..# #..# ...#


You could see 4 gnolls.

Vanquished Creatures
  3 adders (D:2)
  A dart slug (D:2)
  2 leopard geckos (D:2)
  3 bats (D:2)
  5 giant cockroaches
  6 goblins
  2 hobgoblins (D:3)
  4 jackals (D:2)
  A frilled lizard (D:2)
  10 kobolds
  3 rats
40 creatures vanquished.

Vanquished Creatures (others)
  13 plants (D:2)
13 creatures vanquished.

Grand Total: 53 creatures vanquished

Notes
Turn   | Place    | Note
-------+----------+-------------------------------------------
     0 | D:1      | somkeydreadnuts the Gargoyle Earth Elementalist began the
                  | quest for the Orb.
     0 | D:1      | Reached XP level 1. HP: 10/10 MP: 3/3
   109 | D:1      | Reached skill level 4 in Earth Magic
   606 | D:1      | Reached XP level 2. HP: 3/15 MP: 5/5
  1146 | D:2      | Reached XP level 3. HP: 19/19 MP: 6/6
  1205 | D:2      | Reached skill level 5 in Earth Magic
  1840 | D:2      | Reached XP level 4. HP: 24/24 MP: 7/7
  1859 | D:2      | Reached skill level 1 in Polearms
  2624 | D:3      | Mangled by a gnoll

Illustrated notes

Levels and vault maps discovered:
D:1:      wander_arrival_fairy_ring, layout_basic, st_stairs_12,
          minmay_misc_feat_square, minmay_misc_feat_enclosed
D:2:      layout_basic, lexackson_kobold_supper
D:3:      layout_loops_corners

Skill      XL: |  1  2  3  4 |
---------------+-------------+-----
Earth Magic    | 4 5 |  5.6
Polearms       | 1 |  1.3
Dodging        | |  1.5
Stealth        | |  2.1
Spellcasting   | |  2.0
Transmutations | |  0.7

Action                   |  1- 3 |  4- 6 || total
-------------------------+-------+-------++-------
Melee: Unarmed           |   105 |       ||   105
       Spear             |   126 |   180 ||   306
 Cast: Sandblast         |     5 |       ||     5
  Use: Potion            |     1 |       ||     1
Armor: Plate armour      |   221 |   123 ||   344
       Robe              |     3 |       ||     3
Dodge: Dodged            |    31 |    16 ||    47

Table legend: (Time is in decaauts)
 A = Elapsed time spent in this place.
 B = Non-inter-level travel time spent in this place.
 C = Inter-level travel time spent in this place.
 D = Time resting spent in this place.
 E = Time spent auto-exploring this place.
 F = Levels seen in this place.
 G = Mean time per level.
                   A        B        C        D        E       F      G
               +--------+--------+--------+--------+--------+-----+--------+
         Total |   2639 |   2639 |      0 |      0 |   1642 |   3 |  879.7 |
       Dungeon |   2639 |   2639 |      0 |      0 |   1642 |   3 |  879.7 |
               +--------+--------+--------+--------+--------+-----+--------+

Top non-repeatable levels by time:
     D:2: 1576 daAuts
     D:1: 1001 daAuts
     D:3: 62 daAuts
